[ AOE2 MATCH · #508092012 ]
UnrankedBengalis vs Chinese
Player's team · WIN
Rival team · LOSS
[ REPLAY ANALYSIS · EXTRACTED FROM THE RECORDED GAME ]
Feudal
10:53
Castle
18:26
Imperial
41:09
| APM avg | 71.7 |
| APM peak | 125 |
| eAPM avg | 34.4 |
| Villagers / military | 153 / 542 |
Focus
⚔️ 33.8% · 🌾 66.2%
Scout Cavalry ×286 · Elephant Archer ×155 · Skirmisher ×54 · Mangonel ×15 · Monk ×11 · Battle Elephant ×8
Feudal
9:20
Castle
18:26
Imperial
39:08
| APM avg | 65.9 |
| APM peak | 115 |
| eAPM avg | 44.9 |
| Villagers / military | 222 / 442 |
Focus
⚔️ 62.8% · 🌾 37.2%
Skirmisher ×220 · Spearman ×187 · Iron Pagoda ×11 · Scout Cavalry ×11 · Monk ×6 · Trebuchet (Packed) ×5
Match map
Initial resources + every placement click. Lines = walls · curves = elevation contours. ◆ gold · ⬟ stone · ● berries · ✦ relic · ◌ wall gap
Your base· Open — opponent sealed themselves in
No more T1LT's base· ✓ Closed at 18:26 · 66t walls · no gate
Smoothed initial terrain · ◌ = detected wall gap · hover for details
Inputs per minute
— Gil-galad - - No more T1LT
Build order — Gil-galad
First 150 of 631 actions detected
| 0:00 | Queue | Villager (Male) |
| 0:01 | Queue | Villager (Male) |
| 0:01 | Queue | Villager (Male) |
| 0:02 | Build | House |
| 0:03 | Build | House |
| 0:16 | Queue | Villager (Male) |
| 0:16 | Queue | Villager (Male) |
| 0:17 | Queue | Villager (Male) |
| 1:16 | Queue | Villager (Male) |
| 1:17 | Queue | Villager (Male) |
| 1:50 | Queue | Villager (Male) |
| 1:50 | Queue | Villager (Male) |
| 1:59 | Build | Lumber Camp |
| 2:24 | Queue | Villager (Male) |
| 2:24 | Queue | Villager (Male) |
| 2:45 | Queue | Villager (Male) |
| 2:46 | Queue | Villager (Male) |
| 3:14 | Queue | Villager (Male) |
| 3:37 | Build | House |
| 3:44 | Queue | Villager (Male) |
| 3:45 | Queue | Villager (Male) |
| 4:10 | Queue | Villager (Male) |
| 4:27 | Build | Barracks |
| 4:30 | Queue | Villager (Male) |
| 4:42 | Queue | Villager (Male) |
| 4:42 | Queue | Villager (Male) |
| 4:47 | Build | House |
| 5:20 | Queue | Villager (Male) |
| 5:21 | Queue | Militia |
| 5:22 | Queue | Militia |
| 5:42 | Queue | Villager (Male) |
| 5:49 | Queue | Militia |
| 6:02 | Build | Mill |
| 6:17 | Queue | Villager (Male) |
| 6:23 | Build | House |
| 6:31 | Queue | Villager (Male) |
| 7:03 | Queue | Villager (Male) |
| 7:36 | Research | Loom |
| 7:36 | Research | Loom |
| 7:45 | Build | House |
| 8:03 | Queue | Villager (Male) |
| 8:08 | Build | Farm |
| 8:10 | Build | Farm |
| 8:43 | Research | Feudal Age |
| 8:43 | Research | Feudal Age |
| 8:54 | Build | Palisade Wall |
| 8:54 | Build | Palisade Wall |
| 8:58 | Build | Palisade Wall |
| 9:13 | Build | Palisade Wall |
| 9:13 | Build | Palisade Wall |
| 9:17 | Build | Lumber Camp |
| 9:33 | Build | Palisade Wall |
| 9:52 | Build | Palisade Wall |
| 10:02 | Build | Palisade Wall |
| 10:11 | Build | Palisade Wall |
| 10:12 | Build | Palisade Wall |
| 10:16 | Build | Mining Camp |
| 10:17 | Queue | Villager (Male) |
| 10:53 | Age | Feudal Age |
| 11:04 | Queue | Villager (Male) |
| 11:09 | Build | Archery Range |
| 11:22 | Queue | Villager (Male) |
| 11:25 | Research | Double-Bit Axe |
| 11:41 | Build | Palisade Wall |
| 11:49 | Queue | Villager (Male) |
| 11:53 | Build | House |
| 11:58 | Research | Horse Collar |
| 12:03 | Build | Farm |
| 12:05 | Queue | Skirmisher |
| 12:12 | Queue | Villager (Male) |
| 12:22 | Build | Farm |
| 12:26 | Build | Farm |
| 12:27 | Queue | Villager (Male) |
| 12:34 | Queue | Skirmisher |
| 12:36 | Queue | Villager (Male) |
| 12:44 | Build | House |
| 12:49 | Build | Farm |
| 12:50 | Queue | Villager (Male) |
| 13:01 | Build | Farm |
| 13:21 | Build | Farm |
| 13:25 | Queue | Villager (Male) |
| 13:30 | Build | Farm |
| 13:48 | Build | Farm |
| 14:09 | Queue | Villager (Male) |
| 14:17 | Build | Blacksmith |
| 14:22 | Build | House |
| 14:31 | Queue | Villager (Male) |
| 14:33 | Build | Farm |
| 15:08 | Build | Mining Camp |
| 15:24 | Build | Market |
| 15:46 | Research | Castle Age |
| 15:46 | Research | Castle Age |
| 15:57 | Build | House |
| 15:58 | Build | House |
| 16:17 | Build | Stable |
| 16:25 | Research | Fletching |
| 16:48 | Build | Archery Range |
| 16:53 | Queue | Spearman |
| 17:12 | Queue | Villager (Male) |
| 17:20 | Research | Gold Mining |
| 17:49 | Build | Farm |
| 17:49 | Queue | Villager (Male) |
| 17:55 | Build | Farm |
| 17:57 | Build | Farm |
| 18:07 | Build | Farm |
| 18:07 | Build | Farm |
| 18:26 | Age | Castle Age |
| 18:28 | Queue | Elephant Archer |
| 18:28 | Queue | Elephant Archer |
| 18:42 | Build | Farm |
| 18:42 | Build | Farm |
| 18:51 | Queue | Villager (Male) |
| 18:53 | Queue | Elephant Archer |
| 18:53 | Queue | Elephant Archer |
| 19:01 | Build | Monastery |
| 19:08 | Queue | Elephant Archer |
| 19:08 | Queue | Elephant Archer |
| 19:21 | Queue | Villager (Male) |
| 19:21 | Queue | Villager (Male) |
| 19:39 | Queue | Elephant Archer |
| 19:39 | Queue | Elephant Archer |
| 19:43 | Queue | Monk |
| 19:47 | Build | House |
| 19:54 | Build | Palisade Wall |
| 19:55 | Build | Palisade Wall |
| 20:01 | Queue | Elephant Archer |
| 20:01 | Queue | Elephant Archer |
| 20:02 | Queue | Villager (Male) |
| 20:12 | Queue | Monk |
| 20:20 | Queue | Villager (Male) |
| 20:21 | Queue | Villager (Male) |
| 20:25 | Build | Town Center |
| 20:28 | Queue | Villager (Male) |
| 20:55 | Queue | Elephant Archer |
| 20:55 | Queue | Elephant Archer |
| 21:02 | Build | Farm |
| 21:04 | Build | Mill |
| 21:06 | Build | Farm |
| 21:10 | Queue | Villager (Male) |
| 21:25 | Research | Bodkin Arrow |
| 21:26 | Research | Bodkin Arrow |
| 21:53 | Queue | Elephant Archer |
| 21:53 | Queue | Elephant Archer |
| 21:53 | Queue | Elephant Archer |
| 21:54 | Queue | Villager (Male) |
| 22:37 | Queue | Villager (Male) |
| 22:39 | Queue | Elephant Archer ×2 |
| 22:39 | Queue | Elephant Archer ×2 |
| 22:45 | Queue | Villager (Male) |
| 23:06 | Queue | Villager (Male) |
Build order — No more T1LT
First 150 of 621 actions detected
| 0:00 | Research | Loom |
| 0:41 | Queue | Villager (Male) |
| 1:08 | Queue | Villager (Male) |
| 1:30 | Queue | Villager (Male) |
| 1:52 | Build | Lumber Camp |
| 2:02 | Queue | Villager (Male) |
| 2:25 | Queue | Villager (Male) |
| 2:50 | Queue | Villager (Male) |
| 2:57 | Build | House |
| 2:59 | Build | House |
| 3:12 | Queue | Villager (Male) |
| 3:35 | Queue | Villager (Male) |
| 3:58 | Queue | Villager (Male) |
| 4:21 | Queue | Villager (Male) |
| 4:22 | Queue | Villager (Male) |
| 4:49 | Queue | Villager (Male) |
| 5:12 | Build | House |
| 5:26 | Queue | Villager (Male) |
| 5:41 | Build | Barracks |
| 6:10 | Queue | Villager (Male) |
| 6:35 | Build | House |
| 6:45 | Queue | Villager (Male) |
| 6:53 | Build | Palisade Wall |
| 7:06 | Research | Feudal Age |
| 7:18 | Build | Mining Camp |
| 7:42 | Build | Palisade Wall |
| 7:43 | Build | Palisade Wall |
| 7:45 | Build | Palisade Wall |
| 8:10 | Queue | Villager (Male) |
| 9:01 | Build | Mill |
| 9:20 | Age | Feudal Age |
| 9:24 | Research | Double-Bit Axe |
| 9:26 | Queue | Villager (Male) |
| 9:44 | Research | Horse Collar |
| 9:50 | Build | Farm |
| 10:01 | Queue | Villager (Male) |
| 10:18 | Build | Farm |
| 10:22 | Queue | Villager (Male) |
| 10:29 | Build | Farm |
| 10:33 | Build | Farm |
| 10:36 | Queue | Villager (Male) |
| 10:39 | Build | Farm |
| 10:47 | Build | Farm |
| 10:55 | Queue | Villager (Male) |
| 11:02 | Build | House |
| 11:06 | Build | Farm |
| 11:13 | Build | House |
| 11:15 | Queue | Villager (Male) |
| 11:39 | Build | Lumber Camp |
| 11:45 | Build | House |
| 11:45 | Queue | Villager (Male) |
| 11:53 | Build | Palisade Wall |
| 11:57 | Build | Palisade Wall |
| 12:00 | Queue | Villager (Male) |
| 12:02 | Build | Farm |
| 12:22 | Build | Farm |
| 12:35 | Queue | Villager (Male) |
| 12:42 | Build | Palisade Wall |
| 12:44 | Build | Palisade Wall |
| 12:54 | Build | Palisade Wall |
| 12:57 | Build | Palisade Wall |
| 12:58 | Build | Palisade Wall |
| 13:06 | Queue | Villager (Male) |
| 13:11 | Build | Blacksmith |
| 13:14 | Build | Palisade Wall |
| 13:19 | Build | Farm |
| 13:23 | Build | Farm |
| 13:49 | Queue | Villager (Male) |
| 13:59 | Build | Stable |
| 14:10 | Queue | Villager (Male) |
| 14:12 | Build | Farm |
| 14:31 | Build | Farm |
| 14:33 | Queue | Villager (Male) |
| 14:49 | Build | Farm |
| 14:59 | Build | Farm |
| 14:59 | Build | Farm |
| 15:08 | Queue | Villager (Male) |
| 15:46 | Research | Castle Age |
| 16:14 | Queue | Scout Cavalry |
| 16:27 | Research | Gold Mining |
| 16:36 | Build | House |
| 16:37 | Build | House |
| 16:39 | Queue | Scout Cavalry |
| 17:11 | Queue | Scout Cavalry |
| 17:21 | Research | Scale Barding Armor |
| 17:38 | Queue | Villager (Male) |
| 17:53 | Build | Palisade Wall |
| 17:59 | Queue | Villager (Male) |
| 18:26 | Build | Palisade Wall |
| 18:26 | Age | Castle Age |
| 18:30 | Build | Town Center |
| 18:33 | Queue | Villager (Male) |
| 18:54 | Research | Bow Saw |
| 18:54 | Research | Heavy Plow |
| 19:02 | Build | Town Center |
| 19:09 | Queue | Knight |
| 19:19 | Research | Wheelbarrow |
| 19:26 | Queue | Villager (Male) |
| 19:27 | Build | Siege Workshop |
| 19:43 | Queue | Villager (Male) |
| 19:43 | Queue | Villager (Male) |
| 19:43 | Queue | Villager (Male) |
| 19:58 | Queue | Villager (Male) |
| 20:01 | Build | Lumber Camp |
| 20:09 | Queue | Villager (Male) |
| 20:09 | Queue | Villager (Male) |
| 20:12 | Queue | Villager (Male) |
| 20:13 | Queue | Villager (Male) |
| 20:38 | Queue | Villager (Male) |
| 20:40 | Queue | Iron Pagoda |
| 20:47 | Research | Light Cavalry (upgrade) |
| 20:50 | Queue | Villager (Male) |
| 20:53 | Build | Farm |
| 20:55 | Build | Farm |
| 21:04 | Build | House |
| 21:06 | Build | House |
| 21:07 | Build | House |
| 21:13 | Queue | Villager (Male) |
| 21:18 | Build | Farm |
| 21:18 | Build | Farm |
| 21:19 | Queue | Villager (Male) |
| 21:23 | Queue | Villager (Male) |
| 21:25 | Queue | Iron Pagoda |
| 21:35 | Queue | Villager (Male) |
| 21:48 | Queue | Villager (Male) |
| 21:50 | Build | Monastery |
| 22:20 | Queue | Villager (Male) |
| 22:23 | Queue | Monk |
| 22:29 | Queue | Villager (Male) |
| 22:29 | Queue | Villager (Male) |
| 22:29 | Queue | Villager (Male) |
| 22:46 | Queue | Villager (Male) |
| 22:46 | Queue | Villager (Male) |
| 22:52 | Build | Mining Camp |
| 23:04 | Queue | Villager (Male) |
| 23:14 | Build | Market |
| 23:41 | Queue | Villager (Male) |
| 23:57 | Build | Farm |
| 23:57 | Build | Farm |
| 23:57 | Build | Farm |
| 23:57 | Build | Farm |
| 23:58 | Build | Farm |
| 24:01 | Research | Town Watch |
| 24:06 | Queue | Iron Pagoda |
| 24:09 | Queue | Monk |
| 24:14 | Queue | Villager (Male) |
| 24:33 | Queue | Villager (Male) |
| 24:33 | Queue | Villager (Male) |
| 24:41 | Queue | Villager (Male) |
| 24:53 | Queue | Villager (Male) |
Match timeline
| 4:27 | Gil-galad · first_building Barracks |
| 5:41 | No more T1LT · first_building Barracks |
| 6:53 | No more T1LT · wall_segment Palisade Wall x2 |
| 7:42 | No more T1LT · wall_segment Palisade Wall x1 |
| 7:43 | No more T1LT · wall_segment Palisade Wall x1 |
| 7:45 | No more T1LT · wall_segment Palisade Wall x1 |
| 8:54 | Gil-galad · wall_segment Palisade Wall x4 |
| 8:54 | Gil-galad · wall_segment Palisade Wall x1 |
| 8:58 | Gil-galad · wall_segment Palisade Wall x7 |
| 9:13 | Gil-galad · wall_segment Palisade Wall x1 |
| 9:13 | Gil-galad · wall_segment Palisade Wall x1 |
| 9:20 | No more T1LT · age_up feudal |
| 9:33 | Gil-galad · wall_segment Palisade Wall x7 |
| 9:52 | Gil-galad · wall_segment Palisade Wall x1 |
| 10:02 | Gil-galad · wall_segment Palisade Wall x8 |
| 10:11 | Gil-galad · wall_segment Palisade Wall x1 |
| 10:12 | Gil-galad · wall_segment Palisade Wall x1 |
| 10:53 | Gil-galad · age_up feudal |
| 11:09 | Gil-galad · first_building Archery Range |
| 11:41 | Gil-galad · wall_segment Palisade Wall x1 |
| 11:53 | No more T1LT · wall_segment Palisade Wall x3 |
| 11:57 | No more T1LT · wall_segment Palisade Wall x8 |
| 12:42 | No more T1LT · wall_segment Palisade Wall x7 |
| 12:44 | No more T1LT · wall_segment Palisade Wall x15 |
| 12:54 | No more T1LT · wall_segment Palisade Wall x11 |
| 12:57 | No more T1LT · wall_segment Palisade Wall x4 |
| 12:58 | No more T1LT · wall_segment Palisade Wall x11 |
| 13:14 | No more T1LT · wall_segment Palisade Wall x5 |
| 13:59 | No more T1LT · first_building Stable |
| 16:17 | Gil-galad · first_building Stable |
| 17:53 | No more T1LT · wall_segment Palisade Wall x1 |
| 18:26 | No more T1LT · wall_segment Palisade Wall x1 |
| 18:26 | No more T1LT · age_up castle |
| 18:26 | Gil-galad · age_up castle |
| 19:01 | Gil-galad · first_building Monastery |
| 19:27 | No more T1LT · first_building Siege Workshop |
| 19:54 | Gil-galad · wall_segment Palisade Wall x1 |
| 19:55 | Gil-galad · wall_segment Palisade Wall x1 |
| 21:23 | Gil-galad · first_market_buy 100 food |
| 21:50 | No more T1LT · first_building Monastery |
| 24:05 | No more T1LT · first_market_sell 100 wood |
| 24:56 | No more T1LT · first_market_buy 100 food |
| 26:26 | Gil-galad · first_building Siege Workshop |
| 26:38 | Gil-galad · first_market_sell 100 wood |
| 28:27 | No more T1LT · first_building Archery Range |
| 35:52 | No more T1LT · first_building Castle |
| 35:58 | Gil-galad · first_building Castle |
| 39:08 | No more T1LT · age_up imperial |
| 41:09 | Gil-galad · age_up imperial |
| 45:14 | No more T1LT · wall_segment Stone Wall x4 |
| 45:25 | No more T1LT · wall_segment Stone Wall x5 |
| 46:15 | No more T1LT · wall_segment Stone Wall x7 |
| 46:47 | No more T1LT · wall_segment Stone Wall x6 |
| 47:39 | No more T1LT · wall_segment Stone Wall x1 |
| 47:39 | No more T1LT · wall_segment Stone Wall x1 |
| 56:04 | No more T1LT · wall_segment Stone Wall x1 |
| 56:56 | No more T1LT · wall_segment Palisade Wall x7 |
| 59:21 | No more T1LT · resign |
[ AI ANALYSIS · 1 CREDIT ]
What really happened in this match?
Wolo.gg analyzes every decision: build order, eco, micro, common mistakes by bracket. Personalized analysis on WhatsApp or Discord in 30 seconds.
Civ guide
Bengalis
Perfil
Jugador #322559